 Dungeon Crawl Stone Soup version 0.31.0-11-ge490571c62 (webtiles) character file.

Game seed: 10738195267255196325

142980 Ofeo the Fetichist (level 17, -12/113 HPs)
             Began as a Djinni Alchemist on Jan 28, 2024.
             Was a High Priest of Jiyva.
             Shot with an arrow by a satyr (20 damage)
             ... on level 2 of the Shoals.
             The game lasted 01:30:46 (35894 turns).

Ofeo the Fetichist (Djinni Alchemist)              Turns: 35894, Time: 01:30:46

Health: -12/113    AC: 16    Str:  2    XL:     17   Next: 98%
Gold:   1488       EV: 15    Int: 28    God:    Jiyva [*****.] SH:  5 Dex: 20

rFire   + + +        a - staff of fire
rCold   . . .        R - orb {light}
rNeg    + . .        U - +3 troll leather armour
rPois   ∞            d - +2 helmet
rElec   .            W - scarf of the Hanged Man {shadows, rF++ rN+ Str-4 Int+2}
rCorr   +            L - +2 pair of gloves
SInv    .            (boots unavailable)
Will    ++...        N - amulet of reflection
Stlth   ++           T - +4 ring of protection
HPRegen 2.62/turn    X - ring of ice
MPRegen 0.00/turn

%: reflection, infuse magic (-13 HP)
@: calling ooze, flying, very slightly contaminated, glowing, studying Armour
A: sickness immunity, fire resistance 2, cold vulnerability 1, float, innate
caster, HP casting, extra vitality 1, iridescent scales 1, agile 2, clever 1,
strong-willed 1, pseudopods 2, evolution 2, jelly absorbing missiles, engulf
a: Renounce Religion, Oozemancy, Slimify


You were on level 2 of the Shoals.
You worshipped Jiyva.
Jiyva was extremely pleased with you.
You visited 5 branches of the dungeon, and saw 25 of its levels.
You also visited: Bailey, Gauntlet, Ice Cave and Volcano.

You collected 1808 gold pieces.
You spent 320 gold pieces at shops.

Inventory:

Hand Weapons
 F - a +3 broad axe of flaming
Missiles
 D - 9 silver javelins
 P - 5 throwing nets
 S - 6 curare-tipped darts
Armour
 d - a +2 helmet (worn)
 f - a scarf of resistance
 v - a +2 robe of willpower
 z - a +2 kite shield of cold resistance
 L - a +2 pair of gloves (worn)
 R - an orb of light (worn)
 U - a +3 troll leather armour (worn)
 W - the scarf of the Hanged Man (worn) {shadows, rF++ rN+ Str-4 Int+2}
   (You found it in a Gauntlet)

   Str-4:     It affects your strength (-4).
   Int+2:     It affects your intelligence (+2).
   rF++:      It greatly protects you from fire.
   rN+:       It protects you from negative energy.
 Y - a +1 robe of cold resistance
Magical Staves
 a - a staff of fire (weapon)
 b - a staff of alchemy
 g - a staff of conjuration
 o - a staff of air
Jewellery
 G - a ring of wizardry
 N - an amulet of reflection (around neck)
 T - a +4 ring of protection (left hand)
 X - a ring of ice (right hand)
Wands
 n - a wand of roots (23)
 p - a wand of paralysis (5)
 w - a wand of mindburst (19)
 J - a wand of flame (47)
 K - a wand of digging (5) {@v1}
Scrolls
 c - a scroll of fog
 i - 4 scrolls of identify {@r1}
 k - 3 scrolls of butterflies
 u - a scroll of revelation
 x - 3 scrolls of vulnerability
 y - 2 scrolls of blinking {@r4}
 B - 3 scrolls of teleportation {@r3}
 C - 2 scrolls of enchant armour
 H - 3 scrolls of enchant weapon
 M - a scroll of silence
 Z - 3 scrolls of fear
Potions
 e - 4 potions of enlightenment
 h - a potion of heal wounds {@q2}
 j - 5 potions of brilliance
 l - 3 potions of lignification
 m - a potion of might {@q4}
 q - 2 potions of curing {@q1}
 r - 2 potions of resistance {@q6}
 s - 3 potions of haste {@q3}
 t - 3 potions of mutation
 A - 4 potions of ambrosia
 I - 5 potions of invisibility
 V - a potion of cancellation
Miscellaneous
 E - a box of beasts
 O - a lightning rod (4/4)
 Q - a phantom mirror


   Skills:
 - Level 7.8 Fighting
 + Level 9.5 Staves
 - Level 8.4 Dodging
 - Level 6.0 Stealth
 - Level 14.0 Spellcasting
 - Level 14.0 Conjurations
 - Level 14.0 Hexes
 - Level 14.0 Summonings
 - Level 14.0 Necromancy
 - Level 14.0 Translocations
 - Level 14.0 Fire Magic
 - Level 14.0 Ice Magic
 - Level 14.0 Air Magic
 - Level 14.0 Earth Magic
 - Level 14.0 Alchemy
 - Level 12.0 Invocations
 - Level 16.9 Evocations


You knew the following spells:

 Your Spells              Type           Power      Damage    Failure   Level
a - Plasma Beam           Fire/Air       49%        2x1d63    3%          6
b - Mercury Vapours       Alch/Air       100%       N/A       1%          2
c - Mephitic Cloud        Conj/Alch/Air  78%        N/A       1%          3
d - Olgreb's Toxic Radia  Alch           78%        N/A       1%          4
e - Sticky Flame          Fire/Alch      98%        2d14      1%          4
f - Sandblast             Erth           100%       2d20      1%          1
g - Jinxbite              Hex            100%       N/A       1%          2
h - Teleport Other        Tloc           78%        N/A       1%          3
i - Sting                 Conj/Alch      100%       1d9       1%          1
j - Irradiate             Conj/Alch      39%        3d24      1%          5
k - Iskenderun's Battles  Conj           78%        2d13      1%          5
l - Stone Arrow           Conj/Erth      100%       3d13      1%          3
m - Ozocubu's Refrigerat  Ice            49%        4d18      16%         7
Your spell library was empty.

Dungeon Overview and Level Annotations

Branches:
Dungeon (15/15)            Temple (1/1) D:6            Lair (5/5) D:10
 Shoals (2/4) Lair:2        Snake (0/4) Lair:3        Slime (0/5) Lair:5
    Orc (2/2) D:9             Elf (0/3) Orc:2        Vaults (0/5) D:14
 Depths (0/4) D:15         Bailey (visited)           IceCv (visited)
Volcano (visited)         Gauntlet (visited)

Altars:
Ashenzari
Cheibriados
Dithmenos
Elyvilon
Fedhas
Gozag
Hepliaklqana
Makhleb
Nemelex Xobeh
Okawaru
Qazlal
Ru
Trog
Uskayaw
Wu Jian
Xom
Yredelemnul
Zin
The Shining One
Jiyva

Shops:
D:2 [   D:3 (   D:9 (   Orc:2 =?:[

Annotations:
D:5 1 runed translucent door, Tollund's ghost, amateur DsNe
Lair:3 1 runed translucent door, Dazliare's ghost, adept FoEn
Lair:5 3 runed translucent doors, Biggs's ghost, journeyman TrFi; Ciut's ghost, journeyman OpDe; Esekla's ghost, journeyman NaNe


Innate Abilities, Weirdness & Mutations

You are immune to sickness and miasma.
You are immune to poison.
Your flesh is very heat resistant. (rF++)
You are vulnerable to cold. (rC-)
You float through the air rather than walking.
You learn spells naturally, not from books.
Your magical power is your life essence.
You have superior vitality. (+4 MHP)
You are partially covered in iridescent scales. (AC +2)
You are very agile. (Dex +8, Str/Int -2)
Your mind is acute. (Int +4, Str/Dex -1)
You are strong-willed. (Will+)
Armour fits poorly on your large pseudopods.
You have great hidden genetic potential.
You have a small jelly attached to you that may absorb projectiles.
Your melee attacks may engulf your foes in ooze.


Message History

The satyr is lightly wounded.
The merfolk is heavily wounded.
The merfolk is severely wounded.
The merfolk impaler is moderately wounded.
The satyr shoots an arrow.
The arrow hits you!!
* * * LOW HITPOINT WARNING * * *
The merfolk barely misses you.
The merfolk impaler hits you from afar with a +3 trident!
* * * LOW HITPOINT WARNING * * *
You take 39 damage, and have 19/113 hp.
MASSIVE DAMAGE!!
You feel much better.
The merfolk impaler hits you but does no damage.
The satyr shoots an arrow.
The arrow closely misses you. The merfolk misses you.
The merfolk impaler hits you from afar with a +3 trident.
You regained 29 hp, and now have 48/113 hp.
Activating: Oozemancy (0% risk of failure)
Press: ? - help, Dir - look around, f - activate This square is lit by a halo.
Slime begins to ooze from the nearby walls!
The wall burns the satyr!
The satyr shoots an arrow.
The arrow hits you!!
* * * LOW HITPOINT WARNING * * *
Your attached jelly eats the arrow!
You feel better.
The wall burns the merfolk!
The merfolk hits you from afar with a +0 trident!
* * * LOW HITPOINT WARNING * * *
The wall burns the merfolk impaler!
The merfolk impaler hits you from afar with a +3 trident!!
* * * LOW HITPOINT WARNING * * *
The wall burns the merfolk impaler!
The merfolk impaler hits you from afar with a +3 trident.
* * * LOW HITPOINT WARNING * * *
You take 43 damage, and have 5/113 hp.
MASSIVE DAMAGE!!
As you read the scroll of fear, it crumbles to dust.
You assume a fearsome visage.
The satyr looks frightened!
The merfolk looks frightened! x3; The merfolk impaler looks frightened!
The wall burns the satyr!
Your attack snaps the satyr out of its fear.
The satyr shoots an arrow.
The arrow hits you!!
You die...

8... #8## ##..##...#
8..#..... #..#.....
#..'m...~' #..cmmm.~
##.@# #8..# ##..##
~~~≈#8...##
~~~~##....#
..~~~##.~~#
~~~.........~~~#.~~#
~~~..........~~##).#
#~~~~
≈~~~....#.....~~##)#
+##~~~~~


You could see a merfolk impaler (fleeing), a satyr and 3 merfolk.

Vanquished Creatures
  Rupert (Lair:3)
  Kirke (Shoals:1)
  Donald (Shoals:1)
  An orc warlord (Bailey)
  A reaper (IceCv)
  An ironbound preserver (D:14)
  A very ugly thing (D:14)
  3 minotaurs
  Harold (Orc:1)
  Fannar (D:12)
  A death knight (D:13)
  2 ogre magi
  4 hydras
  Erica (D:8)
  17 two-headed ogres
  4 centaur warriors
  3 boulder beetles
  A catoblepas (Lair:1)
  4 death yaks (D:14)
  5 orc high priests
  2 tengu warriors
  A hell knight (Volcano)
  A hell hog (Gauntlet)
  Urug (Lair:2)
  Amaemon (D:8)
  6 skysharks
  8 skeletal warriors
  The ghost of stipulation the Scholar of Death, a novice VSNe of Kikubaaqudgha (D:9)
  A flayed ghost (D:15)
  5 sea snakes
  A spark wasp zombie (D:15)
  9 harpies (Shoals:1)
  A necromancer (D:15)
  Pikel (D:5)
  2 deep elf pyromancers (D:15)
  An orc knight (Orc:1)
  2 orc sorcerers (Orc:2)
  7 ugly things
  6 cyclopes
  19 fauns
  3 kobold blastminers (Orc:1)
  A meliai (D:14)
  5 manticores
  14 elephants
  6 black mambas
  3 merfolk sirens
  3 water nymphs
  An ice statue (IceCv)
  An orange demon (D:8)
  13 cane toads
  2 unseen horrors
  A gargoyle (D:12)
  2 rime drakes (Lair:1)
  Jeremiah (D:6)
  2 tengu conjurers
  4 freezing wraiths
  4 komodo dragons (Lair:5)
  9 yaktaurs (D:14)
  2 ice devils (IceCv)
  A queen bee (D:9)
  2 merfolk
  6 polar bears
  6 hornets
  10 trolls
  A wind drake (shapeshifter) (D:14)
  A wolf spider simulacrum (D:15)
  A snapping turtle (Shoals:1)
  23 blink frogs
  Prince Ribbit (D:5)
  A spriggan zombie (D:15)
  11 dream sheep
  2 slime creatures (D:12)
  Sigmund (D:2)
  2 vampires
  2 centaur simulacra (D:15)
  4 shadows
  3 wraiths
  2 wyverns
  8 water elementals
  14 spriggans (Lair:5)
  Eustachio (D:6)
  3 wargs (Orc:1)
  Grum (D:9)
  2 hogs (Shoals:1)
  2 fire bats (Gauntlet)
  84 yaks
  3 basilisks
  9 vampire mosquitoes
  3 death yak simulacra (IceCv)
  A steam dragon (D:9)
  Menkaure (D:7)
  An acid dragon (D:11)
  2 hell hounds (Gauntlet)
  23 water moccasins
  32 orc warriors
  A meliai simulacrum (D:15)
  3 ice beasts (D:15)
  6 black bears
  4 boggarts (Lair:5)
  5 laughing skulls
  42 wolves
  5 ogres
  10 centaurs
  A lemure (D:5)
  A kobold brigand (D:9)
  14 bullfrogs
  2 cane toad simulacra (IceCv)
  3 gnoll sergeants
  3 scorpions
  5 two-headed ogre simulacra (IceCv)
  5 wights (D:8)
  16 killer bees
  2 elephant simulacra (IceCv)
  6 howler monkeys
  2 electric eels
  4 jellies
  2 bombardier beetles
  30 orc priests
  A sleepcap (D:7)
  A gnoll bouda (D:9)
  7 hounds
  3 iguanas
  Ijyb (D:5)
  10 hell rats
  26 orc wizards
  Natasha (thrice) (D:3)
  5 spriggan simulacra (IceCv)
  3 polar bear simulacra (IceCv)
  7 troll simulacra (IceCv)
  A wolf simulacrum (IceCv)
  Robin (D:3)
  28 gnolls
  An adder (D:5)
  6 naga simulacra (IceCv)
  A shadow imp (Gauntlet)
  4 white imps
  7 ufetubi
  A ribbon worm (D:2)
  2 dart slugs (D:4)
  73 orcs
  4 endoplasms
  2 giant cockroaches
  18 goblins
  8 hobgoblins
  6 jackals
  A quokka (D:1)
  2 ball pythons
  4 bats
  2 frilled lizards (D:1)
  24 kobolds
  5 rats
917 creatures vanquished.

Vanquished Creatures (collateral kills)
  A satyr (Shoals:1)
1 creature vanquished.

Vanquished Creatures (others)
  A centaur warrior (Shoals:1)
  A shadow (D:13)
  A human (Shoals:1)
  An acid dragon (D:13)
  An orc warrior (Orc:2)
  A laughing skull (D:15)
  38 jellies
  An orc wizard (Orc:2)
  A gnoll (D:14)
  A white imp (D:15)
  6 orcs (Orc:2)
53 creatures vanquished.

Grand Total: 971 creatures vanquished

Notes
Turn   | Place    | Note
-------+----------+-------------------------------------------
     0 | D:1      | Ofeo the Djinni Alchemist began the quest for the Orb.
     0 | D:1      | Ofeo set off with the following spells memorised: Sting,
                  | Mercury Vapours, Mephitic Cloud, Olgreb's Toxic Radiance,
                  | Sticky Flame.
     0 | D:1      | Reached XP level 1. HP: 15/15 MP: 0/0
   403 | D:1      | Reached XP level 2. HP: 17/21 MP: 0/0
  1074 | D:2      | Reached XP level 3. HP: 21/25 MP: 0/0
  1074 | D:2      | Learned a level 1 spell: Sandblast
  1369 | D:2      | Reached XP level 4. HP: 29/31 MP: 0/0
  1398 | D:2      | Noticed Sigmund
  1414 | D:2      | Killed Sigmund
  1415 | D:2      | Reached XP level 5. HP: 26/35 MP: 0/0
  1415 | D:2      | Learned a level 2 spell: Jinxbite
  1415 | D:2      | Reached XP level 6. HP: 30/40 MP: 0/0
  1705 | D:2      | Found Iwocwoa's Antique Armour Emporium.
  1713 | D:2      | Bought a glowing robe for 77 gold pieces
  1943 | D:3      | Found a faded altar of an unknown god.
  2186 | D:3      | Noticed Natasha
  2193 | D:3      | Killed Natasha
  2340 | D:3      | Identified the +0 helmet "Irromisk" {rPois}
  2340 | D:3      | Noticed Robin
  2437 | D:3      | Killed Robin
  2629 | D:3      | Noticed Natasha
  2637 | D:3      | Killed Natasha
  2652 | D:3      | Noticed Natasha
  2655 | D:3      | Killed Natasha
  2676 | D:3      | Reached XP level 7. HP: 24/45 MP: 0/0
  2676 | D:3      | Learned a level 3 spell: Teleport Other
  3242 | D:3      | Found Zetih's Antique Weapon Boutique.
  4172 | D:4      | Reached skill level 5 in Dodging
  4198 | D:5      | Entered Level 5 of the Dungeon
  4412 | D:5      | Noticed Prince Ribbit
  4426 | D:5      | Killed Prince Ribbit
  4427 | D:5      | Reached XP level 8. HP: 49/50 MP: 0/0
  4460 | D:5      | Noticed Ijyb
  4464 | D:5      | Killed Ijyb
  4467 | D:5      | Reached skill level 5 in Spellcasting
  4467 | D:5      | Reached skill level 5 in Conjurations
  4467 | D:5      | Reached skill level 5 in Hexes
  4467 | D:5      | Reached skill level 5 in Summonings
  4467 | D:5      | Reached skill level 5 in Necromancy
  4467 | D:5      | Reached skill level 5 in Translocations
  4467 | D:5      | Reached skill level 5 in Fire Magic
  4467 | D:5      | Reached skill level 5 in Ice Magic
  4467 | D:5      | Reached skill level 5 in Air Magic
  4467 | D:5      | Reached skill level 5 in Earth Magic
  4467 | D:5      | Reached skill level 5 in Alchemy
  4563 | D:5      | Reached skill level 5 in Stealth
  4618 | D:5      | Noticed Pikel
  4644 | D:5      | Killed Pikel
  4645 | D:5      | Reached XP level 9. HP: 42/55 MP: 0/0
  4645 | D:5      | Learned a level 3 spell: Stone Arrow
  4749 | D:5      | Found a runed translucent door.
  4765 | D:5      | Noticed Tollund's ghost (amateur DsNe)
  5091 | D:6      | Noticed Eustachio
  5099 | D:6      | Killed Eustachio
  5217 | D:6      | Reached skill level 1 in Fighting
  5272 | D:6      | Found a staircase to the Ecumenical Temple.
  5275 | D:6      | Noticed Jeremiah
  5287 | D:6      | Killed Jeremiah
  6711 | D:6      | Found a staircase to the Ecumenical Temple.
  7477 | D:6      | Found a staircase to the Ecumenical Temple.
  8335 | D:6      | Found a staircase to the Ecumenical Temple.
  9182 | D:7      | Noticed Menkaure
  9386 | D:7      | Found a flagged portal.
  9392 | Bailey   | Entered a bailey
  9440 | Bailey   | Noticed an orc warlord
  9640 | Bailey   | Reached XP level 10. HP: 27/69 MP: 0/0
  9817 | Bailey   | Reached skill level 5 in Fighting
  9891 | Bailey   | Found a runed translucent gate.
  9891 | Bailey   | Found a runed translucent gate.
  9981 | Bailey   | Found a runed translucent gate.
 10158 | Bailey   | Killed an orc warlord
 10364 | Bailey   | Acquired a staff of alchemy
 10650 | D:7      | Killed Menkaure
 10656 | D:7      | Reached skill level 1 in Evocations
 10686 | D:7      | Found a snail-covered altar of Cheibriados.
 10884 | D:7      | Found a burning altar of Makhleb.
 11087 | D:8      | Reached skill level 2 in Evocations
 11217 | D:8      | Reached skill level 3 in Evocations
 11301 | D:8      | Reached skill level 4 in Evocations
 11388 | D:8      | Noticed Amaemon
 11391 | D:8      | Noticed an orange demon
 11396 | D:8      | Killed Amaemon
 11397 | D:8      | Reached skill level 5 in Evocations
 11397 | D:8      | Reached XP level 11. HP: 56/78 MP: 0/0
 11397 | D:8      | Learned a level 5 spell: Irradiate
 11400 | D:8      | Reached skill level 6 in Evocations
 11674 | D:8      | Noticed Erica
 11680 | D:8      | Killed Erica
 11681 | D:8      | Reached skill level 7 in Evocations
 12573 | Temple   | Entered the Ecumenical Temple
 12594 | Temple   | Became a worshipper of Elyvilon the Healer
 12776 | D:9      | Found a staircase to the Orcish Mines.
 12799 | D:9      | Reached skill level 8 in Evocations
 12936 | D:9      | You are sucked into a shaft and drop 2 floors!
 12956 | D:11     | Noticed a green ugly thing
 12962 | D:11     | Killed a green ugly thing
 13010 | D:11     | Noticed a green ugly thing
 13018 | D:11     | Killed a green ugly thing
 13019 | D:11     | Reached skill level 9 in Evocations
 13093 | D:11     | Found a gate leading to a gauntlet.
 13102 | Gauntlet | Entered a Gauntlet
 13102 | Gauntlet | Noticed a shining eye
 13102 | Gauntlet | Noticed a tengu warrior
 13102 | Gauntlet | Found a runed translucent gate.
 13102 | Gauntlet | Found a transporter.
 13102 | Gauntlet | Found a runed translucent gate.
 13102 | Gauntlet | Found a runed translucent gate.
 13102 | Gauntlet | Found a transporter.
 13102 | Gauntlet | Found a transporter.
 13146 | Gauntlet | Found a transporter.
 13158 | Gauntlet | Found a transporter.
 13162 | Gauntlet | Noticed a quicksilver ooze
 13168 | Gauntlet | Found a transporter.
 13187 | Gauntlet | Noticed a hell hog
 13188 | Gauntlet | Found a transporter.
 13193 | Gauntlet | Found a transporter.
 13194 | Gauntlet | Found a transporter.
 13196 | Gauntlet | Found a transporter.
 13200 | Gauntlet | Noticed an arcanist
 13205 | Gauntlet | Found a transporter.
 13208 | Gauntlet | Found a transporter.
 13223 | Gauntlet | Reached * piety under Elyvilon
 13560 | Gauntlet | Killed a tengu warrior
 13564 | Gauntlet | Identified the scarf of the Hanged Man {shadows, rF++ rN+
                  | Str-4 Int+2}
 13714 | Gauntlet | Reached skill level 10 in Evocations
 13715 | Gauntlet | Killed a hell hog
 13892 | Gauntlet | Noticed a minotaur
 13908 | Gauntlet | Killed a minotaur
 13909 | Gauntlet | Reached XP level 12. HP: 60/84 MP: 0/0
 14056 | D:11     | Reached skill level 11 in Evocations
 14106 | D:11     | Noticed a boulder beetle
 14258 | D:11     | Noticed a two-headed ogre
 14275 | D:11     | Killed a two-headed ogre
 14450 | D:10     | Entered Level 10 of the Dungeon
 14492 | D:10     | Found a shadowy altar of Dithmenos.
 14495 | D:10     | Found a shimmering altar of Xom.
 14498 | D:10     | Found a sparkling altar of Nemelex Xobeh.
 14501 | D:10     | Found an ornate altar of the Wu Jian Council.
 14531 | D:10     | Noticed a two-headed ogre
 14542 | D:10     | Killed a two-headed ogre
 14543 | D:10     | Reached skill level 12 in Evocations
 14802 | D:10     | Found a staircase to the Lair.
 15237 | D:10     | Reached skill level 13 in Evocations
 16164 | D:9      | Noticed Grum
 16178 | D:9      | Killed Grum
 16376 | D:9      | Reached skill level 14 in Evocations
 16424 | D:9      | Noticed stipulation's ghost (novice VSNe)
 16646 | D:9      | Found a transporter.
 16745 | D:9      | Found a transporter.
 16923 | D:9      | Found Amuzexus's Firing Range.
 16928 | D:9      | Bought a +1 hand cannon of freezing for 146 gold pieces
 17143 | D:9      | Reached XP level 13. HP: 54/89 MP: 0/0
 17143 | D:9      | Learned a level 5 spell: Iskenderun's Battlesphere
 17288 | D:9      | Killed stipulation's ghost
 17519 | D:11     | Reached ** piety under Elyvilon
 17749 | D:11     | Reached skill level 15 in Evocations
 18472 | D:12     | Noticed Fannar
 18659 | D:12     | Killed Fannar
 18970 | D:12     | Reached *** piety under Elyvilon
 18998 | D:12     | Reached skill level 16 in Evocations
 19352 | Lair:1   | Entered Level 1 of the Lair of Beasts
 19647 | Lair:1   | Found a frozen archway.
 19662 | IceCv    | Entered an ice cave
 20433 | IceCv    | Noticed a reaper
 20450 | IceCv    | Killed a reaper
 20577 | Lair:1   | Reached XP level 14. HP: 77/97 MP: 0/0
 20585 | Lair:1   | HP: 3/97 [blink frog (16)]
 20687 | Lair:1   | Reached skill level 1 in Invocations
 21104 | Lair:1   | Reached **** piety under Elyvilon
 21516 | Lair:2   | Noticed Urug
 21659 | Lair:2   | Killed Urug
 21660 | Lair:2   | Reached skill level 5 in Invocations
 22588 | Lair:2   | Found a staircase to the Shoals.
 23116 | Lair:3   | Noticed Rupert
 23129 | Lair:3   | Killed Rupert
 23287 | Lair:3   | Found a runed translucent door.
 23287 | Lair:3   | Found a shimmering altar of Xom.
 23287 | Lair:3   | Noticed Dazliare's ghost (adept FoEn)
 23454 | Lair:3   | Found a staircase to the Snake Pit.
 23670 | Lair:3   | Reached ***** piety under Elyvilon
 23985 | Lair:3   | Identified the +0 leather armour "Poxzaex" {*Slow rPois
                  | rCorr Slay+4}
 24805 | Lair:4   | Reached skill level 10 in Invocations
 25291 | Lair:4   | Reached XP level 15. HP: 86/103 MP: 0/0
 25291 | Lair:4   | Learned a level 6 spell: Plasma Beam
 25522 | Lair:5   | Entered Level 5 of the Lair of Beasts
 26019 | Lair:5   | Found a runed translucent gate.
 26019 | Lair:5   | Found a runed translucent gate.
 26152 | Lair:5   | Found a viscous altar of Jiyva.
 26152 | Lair:5   | Found a staircase to the Slime Pits.
 26543 | Lair:5   | Reached ****** piety under Elyvilon
 26707 | Lair:5   | Found a runed translucent gate.
 26718 | Lair:5   | Noticed Esekla's ghost (journeyman NaNe)
 26718 | Lair:5   | Noticed Ciut's ghost (journeyman OpDe)
 26718 | Lair:5   | Noticed Biggs's ghost (journeyman TrFi)
 27184 | Lair:5   | Fell from the grace of Elyvilon
 27184 | Lair:5   | Became a worshipper of Jiyva Jutom the Shapeless
 27408 | Lair:5   | Reached skill level 10 in Spellcasting
 27408 | Lair:5   | Reached skill level 10 in Conjurations
 27408 | Lair:5   | Reached skill level 10 in Hexes
 27408 | Lair:5   | Reached skill level 10 in Summonings
 27408 | Lair:5   | Reached skill level 10 in Necromancy
 27408 | Lair:5   | Reached skill level 10 in Translocations
 27408 | Lair:5   | Reached skill level 10 in Fire Magic
 27408 | Lair:5   | Reached skill level 10 in Ice Magic
 27408 | Lair:5   | Reached skill level 10 in Air Magic
 27408 | Lair:5   | Reached skill level 10 in Earth Magic
 27408 | Lair:5   | Reached skill level 10 in Alchemy
 28130 | D:13     | Reached * piety under Jiyva
 29184 | Orc:1    | Entered Level 1 of the Orcish Mines
 29187 | Orc:1    | Noticed Harold
 29194 | Orc:1    | Killed Harold
 29195 | Orc:1    | Reached XP level 16. HP: 68/108 MP: 0/0
 29393 | Orc:1    | Reached ** piety under Jiyva
 29510 | Orc:1    | Found a dark tunnel.
 29532 | Volcano  | Entered a volcano
 29569 | Volcano  | Found a bloodstained altar of Trog.
 29959 | Orc:2    | Entered Level 2 of the Orcish Mines
 30013 | Orc:2    | Reached *** piety under Jiyva
 30115 | Orc:2    | Found Bywycuah's Armour Shop.
 30122 | Orc:2    | Found Feuss's Book Shop.
 30126 | Orc:2    | Found Loxer's Jewellery Boutique.
 30131 | Orc:2    | Found Jighuyxo's Magic Scroll Boutique.
 30137 | Orc:2    | Bought a scroll of enchant armour for 97 gold pieces
 30181 | Orc:2    | Found a staircase to the Elven Halls.
 30295 | Orc:2    | Gained mutation: You have hidden genetic potential.
                  | [Jiyva's grace]
 30295 | Orc:2    | Gained mutation: You have great hidden genetic potential.
                  | [Jiyva's grace]
 30295 | Orc:2    | Gained mutation: You have a small jelly attached to you
                  | that senses nearby items. [Jiyva's grace]
 30295 | Orc:2    | Gained mutation: You are partially covered in iridescent
                  | scales. (AC +2) [Jiyva's grace]
 30904 | D:14     | Reached **** piety under Jiyva
 31009 | D:14     | Found a gate to the Vaults.
 31399 | D:14     | Found a broken altar of Ashenzari.
 31561 | D:14     | Reached skill level 1 in Staves
 31648 | D:14     | Reached XP level 17. HP: 87/113 MP: 0/0
 31648 | D:14     | Learned a level 7 spell: Ozocubu's Refrigeration
 32150 | D:15     | Entered Level 15 of the Dungeon
 32150 | D:15     | Lost mutation: You have a small jelly attached to you that
                  | senses nearby items. [Jiyva's grace]
 32150 | D:15     | Gained mutation: Your melee attacks may engulf your foes in
                  | ooze. [Jiyva's grace]
 32150 | D:15     | Gained mutation: Armour fits poorly on your pseudopods.
                  | [Jiyva's grace]
 32150 | D:15     | Gained mutation: Armour fits poorly on your large
                  | pseudopods. [Jiyva's grace]
 32150 | D:15     | Gained mutation: Armour fits poorly on your massive
                  | pseudopods. [Jiyva's grace]
 32416 | D:15     | Reached skill level 5 in Staves
 32571 | D:15     | Reached ***** piety under Jiyva
 32710 | D:15     | Found a staircase to the Depths.
 32735 | D:15     | Gained mutation: Your mind is acute. (Int +4, Str/Dex -1)
                  | [hidden potential]
 33459 | Shoals:1 | Entered Level 1 of the Shoals
 33632 | Shoals:1 | HP: 1/113 [faun/sling bullet[a satyr] (5)]
 34331 | Lair:2   | Found a staircase to the Shoals.
 34801 | Shoals:1 | Noticed Donald
 34802 | Shoals:1 | Killed Donald
 35126 | Shoals:1 | Noticed Kirke
 35130 | Shoals:1 | Killed Kirke
 35153 | Shoals:1 | Lost mutation: Armour fits poorly on your massive
                  | pseudopods. [Jiyva's grace]
 35153 | Shoals:1 | Gained mutation: You have a small jelly attached to you
                  | that may absorb projectiles. [Jiyva's grace]
 35153 | Shoals:1 | Gained mutation: You are agile. (Dex +4, Str/Int -1)
                  | [Jiyva's grace]
 35153 | Shoals:1 | Gained mutation: You are very agile. (Dex +8, Str/Int -2)
                  | [Jiyva's grace]
 35153 | Shoals:1 | Gained mutation: You are strong-willed. (Will+) [Jiyva's
                  | grace]
 35845 | Shoals:2 | Reached ****** piety under Jiyva
 35893 | Shoals:2 | HP: 5/113 [merfolk impaler/+3 trident (4)]
 35894 | Shoals:2 | Shot with an arrow by a satyr

Illustrated notes

Levels and vault maps discovered:
D:1:      dpeg_arrival_arbitrary_b, layout_basic
D:2:      layout_loops_ring, serial_shops, nicolae_shop_waterfront, uniq_sigmund
D:3:      layout_basic, serial_shops, shop, ebering_ecumenical_altar_abandoned,
          nrook_mini_backslash, uniq_robin, uniq_natasha
D:4:      layout_loops_ring
D:5:      layout_loops_cross, ebering_ghost_sewer_d, uniq_prince_ribbit1,
          uniq_ijyb, uniq_pikel
D:6:      layout_loops_ring, minmay_temple_entry_arrows, serial_library,
          serial_library_hellmonk_room_b, serial_library_hellmonk_long_bookcase,
          serial_library_hellmonk_secret_room,
          serial_library_hellmonk_open_cross,
          serial_library_regret_index_branch_corner, minmay_checkerbox,
          uniq_jeremiah, uniq_eustachio
D:7:      layout_basic, mainiacjoe_overflow_large_starburst, enter_bailey_3,
          uniq_menkaure
D:8:      layout_basic, uniq_amaemon, uniq_erica
D:9:      layout_small_grid, orc_0_dummy, gammafunk_ghost_hive, special_room
          [special_room_orc], nicolae_shop_firing_range, uniq_grum
D:10:     layout_roguey, grunt_temple_overflow_cloverleaf, erik_lair_island
D:11:     layout_loops_ring, gauntlet_entry_generic
D:12:     layout_irregular_city, uniq_fannar
D:13:     layout_cave_pods
D:14:     fort_yaktaur, layout_gridville, skrybe_vaults_entry_preservation,
          ashenzari_altar_1
D:15:     gammafunk_depths_entry_grave, layout_basic, serial_ice, serial_ice_l,
          serial_ice_h, serial_ice_g, serial_ice_m, serial_ice_c, serial_ice_f,
          serial_ice_d, serial_ice_n, serial_ice_o, serial_ice_e
Temple:   minmay_temple_bridge_d
Lair:1:   layout_regular_city, portal_ice_cave_rime
Lair:2:   layout_regular_city, minmay_shoals_entry_lonely_mermaid, uniq_urug
Lair:3:   layout_roguey, minmay_snake_entry_six_corridors, ebering_ghost_xom,
          uniq_rupert
Lair:4:   layout_cave_pods
Lair:5:   minmay_lair_end_enchanted_forest, layout_cave_pods, slime_entry_1,
          gammafunk_ghost_cemetery, st_stairs_13, infiniplex_staircase_pool_2,
          grunt_megastairs_4, serial_bayou_shore_b
Shoals:1: layout_shoals, uniq_kirke, uniq_donald
Shoals:2: cheibrodos_shoals_oceanic_diplomacy, layout_shoals,
          nicolae_splish_splash
Orc:1:    layout_caves, nicolae_volcano_entry_lava_flow, mines5_lemuel,
          uniq_harold
Orc:2:    st_orc_mages, layout_caves

Skill      XL: |  1  2  3  4  5  6  7  8  9 10 11 12 13 14 15 16 17 |
---------------+----------------------------------------------------+-----
Stealth        | 2 3 4 5 6 |  6.0
Dodging        | 3 4 5 6 7 8 |  8.4
Spellcasting   | 4 5 7 8 10 13 14 | 14.0
Conjurations   | 4 5 7 8 10 13 14 | 14.0
Hexes          | 4 5 7 8 10 13 14 | 14.0
Summonings     | 4 5 7 8 10 13 14 | 14.0
Necromancy     | 4 5 7 8 10 13 14 | 14.0
Translocations | 4 5 7 8 10 13 14 | 14.0
Fire Magic     | 4 5 7 8 10 13 14 | 14.0
Ice Magic      | 4 5 7 8 10 13 14 | 14.0
Air Magic      | 4 5 7 8 10 13 14 | 14.0
Earth Magic    | 4 5 7 8 10 13 14 | 14.0
Alchemy        | 4 5 7 8 10 13 14 | 14.0
Fighting       | 4 6 7 |  7.8
Evocations     | 5 10 14 16 | 16.9
Invocations    | 10 12 | 12.0
Staves         | 2 9 |  9.5

Action                     |  1- 3 |  4- 6 |  7- 9 | 10-12 | 13-15 | 16-18 || total
---------------------------+-------+-------+-------+-------+-------+-------++-------
  Melee: Unarmed           |     4 |       |       |       |       |       ||     4
         Halberd           |       |    33 |    46 |    29 |       |       ||   108
         Trident           |       |       |    20 |     1 |       |       ||    21
         Punch             |       |       |     1 |       |       |       ||     1
         Staff             |       |       |       |    33 |    25 |    57 ||   115
         Pseudopods        |       |       |       |       |       |     4 ||     4
   Fire: Sling             |    10 |     1 |       |       |       |       ||    11
         Hand cannon       |       |       |       |     1 |       |       ||     1
   Cast: Sting             |    37 |    27 |    28 |       |       |       ||    92
         Mercury Vapours   |     3 |     2 |     1 |     2 |       |       ||     8
         Mephitic Cloud    |       |     6 |    16 |    21 |    14 |     2 ||    59
         Jinxbite          |       |     5 |     4 |       |       |       ||     9
         Olgreb's Toxic Ra |       |     1 |     6 |    49 |    41 |    11 ||   108
         Sandblast         |       |     1 |       |     2 |     2 |       ||     5
         Stone Arrow       |       |       |    40 |   160 |   478 |   101 ||   779
         Sticky Flame      |       |       |       |    14 |    51 |    18 ||    83
         Irradiate         |       |       |       |     3 |    37 |    21 ||    61
         Teleport Other    |       |       |       |     1 |       |       ||     1
         Iskenderun's Batt |       |       |       |       |    43 |    12 ||    55
         Plasma Beam       |       |       |       |       |     2 |   148 ||   150
         Ozocubu's Refrige |       |       |       |       |       |    13 ||    13
 Invoke: Oozemancy         |       |       |       |       |       |     2 ||     2
  Evoke: Wand              |       |       |       |     2 |     7 |     3 ||    12
    Use: Scroll            |     2 |     2 |     4 |    15 |     3 |     9 ||    35
         Potion            |     1 |       |       |     6 |     1 |     2 ||    10
   Stab: Sleeping          |     1 |       |     1 |       |       |       ||     2
         Confused          |       |     2 |     4 |     1 |     2 |       ||     9
         Invisible         |       |       |       |     1 |       |       ||     1
 Armour: Robe              |    16 |    25 |    27 |   102 |     9 |       ||   179
         Troll leather arm |       |       |       |       |   204 |   194 ||   398
  Dodge: Dodged            |    24 |    23 |    48 |    73 |   149 |   140 ||   457
  Block: Other             |       |       |       |    12 |    13 |       ||    25
         Reflection        |       |       |       |     1 |     2 |       ||     3
